 Dungeon Crawl Stone Soup version 0.32-a0-40-g2adb59a (webtiles) character file.

Game seed: 4019375877384963616

334 Dorkslayer the Ruffian (level 6, -2/38 HPs)
             Began as an Octopode Shapeshifter on Jan 24, 2024.
             Slain by Natasha (7 damage)
             ... on level 3 of the Dungeon.
             The game lasted 00:04:16 (1693 turns).

Dorkslayer the Ruffian (Octopode Shapeshifter)      Turns: 1693, Time: 00:04:16

Health: -2/38      AC:  1    Str: 16    XL:     6   Next: 53%
Magic:  6/6        EV: 11    Int: 12    God:
Gold:   201        SH:  7    Dex: 11    Spells: 5/5 levels left

rFire   . .          .
                       - Unarmed
rCold   . . .        h - +0 kite shield
rNeg    . . .        (helmet currently unavailable)
rPois   .            (no amulet)
rElec   .            e - ring of wizardry
rCorr   .            (no ring)
SInv    .            (no ring)
Will    .....        (no ring)
Stlth   +++          (no ring)
HPRegen 0.26/turn    (no ring)
MPRegen 0.10/turn    (no ring)
                     (no ring)

%: wizardry (x1)
@: beast-form
A: beast (slay +2), almost no armour, amphibious, 8 rings, camouflage 1,
gelatinous body 1, (nimble swimmer 1), tentacles
a: Begin Untransformation


You were on level 3 of the Dungeon.
You were a hulking beast.
You visited 1 branch of the dungeon, and saw 3 of its levels.

You collected 201 gold pieces.

Inventory:

Hand Weapons
 i - a +0 war axe
Missiles
 a - 3 darts of dispersal (quivered)
 d - a throwing net
Armour
 h - a +0 kite shield (worn)
Jewellery
 e - a ring of wizardry (left tentacle)
Talismans
 b - a beast talisman
 c - a flux talisman
Wands
 g - a wand of polymorph (13)
Scrolls
 j - a scroll of identify
 k - a scroll of teleportation {unknown}
 l - a scroll of revelation
Potions
 f - a potion of cancellation {unknown}


   Skills:
 + Level 1.4 Fighting
 + Level 2.7 Dodging
 + Level 2.6 Stealth
 * Level 2.1 Shields
 * Level 5.3 Unarmed Combat
 + Level 3.6 Shapeshifting


You had 5 spell levels left.
You didn't know any spells.
Your spell library was empty.

Dungeon Overview and Level Annotations

Branches:
Dungeon (3/15)

Altars:
Trog

Annotations:
D:3 Natasha


Innate Abilities, Weirdness & Mutations

You are a hulking beast.
Your limbs bulge with bestial killing power. (Slay +2)
You cannot wear most types of armour.
You are amphibious.
You can wear up to eight rings at the same time.
Your skin changes colour to match your surroundings (Stealth+).
Your rubbery body absorbs attacks. (AC +1, EV +1)
((You are camouflaged when in or above water. (Stealth+)))
You have tentacles for arms and can constrict up to eight enemies at once.


Message History

The magic dart hits you! The cerulean imp closely misses you.
You tentacle-slap Natasha.
Natasha is severely wounded.
You constrict Natasha.
Natasha mumbles some strange words.
The cerulean imp barely misses you.
You tentacle-slap Natasha.
You kill Natasha!
Natasha growls in agony!
The cerulean imp disappears in a puff of smoke! x2
You see here the felid corpse of Natasha.
You see here a +0 dagger.
You start resting.
Natasha, Servant of Life and Death comes into view.
An orc comes into view. It is wielding a +0 short sword.
You see here a +0 dagger.
An orc is nearby!
You see here the felid corpse of Natasha.
You closely miss the orc.
The orc shouts!
You grab the orc. You constrict the orc. You block the orc's attack.
You bludgeon the orc!
You kill the orc!
Things that are here:
a +0 short sword; an orc corpse The endoplasm quivers.
Natasha stares at you and mumbles some strange words.
The magic dart hits you!
* * * LOW HITPOINT WARNING * * *
Things that are here:
a +0 short sword; an orc corpse You barely miss Natasha.
Your grab misses Natasha. You tentacle-slap Natasha.
Natasha is lightly wounded.
Natasha claws you.
* * * LOW HITPOINT WARNING * * *
You tentacle-slap Natasha. You grab Natasha. You squeeze Natasha.
Natasha is severely wounded.
You constrict Natasha. Natasha claws you!
You die...
Natasha curls up and begins to purr.

#### #..# J ##...# #..# .
.....$# #... . ....... ...
. ....... #.# . ......J##.#
# . ..........#.#
##...###.hh.# .. ## #.#...#
#. #†##..# .. .#### #)#
....##. #.... ##.###...#..
#...# ######...........
##...# #.......#......#.
#....#
##...##.#......#.###.....
###.................)......


You could see Natasha and an endoplasm.

Vanquished Creatures
  Sigmund (D:2)
  Terence (D:3)
  Natasha (D:3)
  An orc wizard (D:3)
  An adder (D:2)
  2 adder zombies (D:2)
  An adder skeleton (D:2)
  5 dart slugs
  4 orcs (D:3)
  2 bat skeletons (D:2)
  5 endoplasms
  A giant cockroach (D:2)
  3 goblins
  6 hobgoblins
  4 jackals (D:2)
  2 kobolds
  A quokka (D:1)
  7 ball pythons
  4 bats
  A frilled lizard (D:1)
  A giant cockroach zombie (D:2)
  5 rats
59 creatures vanquished.

Notes
Turn   | Place    | Note
-------+----------+-------------------------------------------
     0 | D:1      | Dorkslayer the Octopode Shapeshifter began the quest for
                  | the Orb.
     0 | D:1      | Reached XP level 1. HP: 13/13 MP: 1/1
   150 | D:1      | Reached XP level 2. HP: 6/18 MP: 2/2
   438 | D:1      | Reached XP level 3. HP: 17/23 MP: 3/3
   868 | D:2      | Found a bloodstained altar of Trog.
   889 | D:2      | Noticed Sigmund
   904 | D:2      | Killed Sigmund
   905 | D:2      | Reached skill level 1 in Shields
   905 | D:2      | Reached skill level 4 in Unarmed Combat
   905 | D:2      | Reached XP level 4. HP: 2/28 MP: 4/4
   905 | D:2      | Reached XP level 5. HP: 3/33 MP: 5/5
   907 | D:2      | Reached XP level 6. HP: 4/38 MP: 6/6
  1263 | D:2      | Reached skill level 5 in Unarmed Combat
  1466 | D:3      | Noticed Terence
  1479 | D:3      | Killed Terence
  1663 | D:3      | Noticed Natasha
  1678 | D:3      | Killed Natasha
  1683 | D:3      | Noticed Natasha
  1693 | D:3      | Slain by Natasha

Illustrated notes

Levels and vault maps discovered:
D:1:      dpeg_arrival_refuge, layout_loops_ring
D:2:      layout_basic, basic_altar, serial_undead, serial_undead_b,
          serial_undead_c, serial_undead_e, serial_undead_c, serial_undead_d,
          serial_undead_a, uniq_sigmund
D:3:      layout_rooms, uniq_terence, uniq_crazy_yiuf_cottage, uniq_natasha

Skill      XL: |  1  2  3  4  5  6 |
---------------+-------------------+-----
Stealth        | 2 |  2.6
Shields        | 1 2 |  2.1
Unarmed Combat | 4 5 |  5.3
Fighting       | |  1.4
Dodging        | |  2.7
Shapeshifting  | |  3.6

Action                     |  1- 3 |  4- 6 || total
---------------------------+-------+-------++-------
  Melee: Unarmed           |    64 |    45 ||   109
         Constrict         |    24 |    10 ||    34
         Punch             |     3 |     2 ||     5
         Tentacles         |    11 |    11 ||    22
    Use: Scroll            |     3 |       ||     3
         Potion            |       |     1 ||     1
   Stab: Sleeping          |     4 |     2 ||     6
         Distracted        |     1 |       ||     1
 Armour: Skin              |    28 |    15 ||    43
  Dodge: Dodged            |    36 |    14 ||    50
  Block: Kite shield       |    22 |    10 ||    32

Table legend: (Time is in decaauts)
 A = Elapsed time spent in this place.
 B = Non-inter-level travel time spent in this place.
 C = Inter-level travel time spent in this place.
 D = Time resting spent in this place.
 E = Time spent auto-exploring this place.
 F = Levels seen in this place.
 G = Mean time per level.
                   A        B        C        D        E       F      G
               +--------+--------+--------+--------+--------+-----+--------+
         Total |   1681 |   1681 |      0 |    127 |    821 |   3 |  560.3 |
       Dungeon |   1681 |   1681 |      0 |    127 |    821 |   3 |  560.3 |
               +--------+--------+--------+--------+--------+-----+--------+

Top non-repeatable levels by time:
     D:1: 708 daAuts
     D:2: 687 daAuts
     D:3: 285 daAuts
